 Dungeon Crawl Stone Soup version 0.30-a0-219-gf2db51d15e (webtiles) character file.

Game seed: 5680313523845038209

431 lorenzova the Magician (level 6, 0/32 HPs)
             Began as a Deep Elf Conjurer on Oct 7, 2022.
             Slain by Crazy Yiuf
             ... wielding a +4 quarterstaff of chaos
              (11 damage)
             ... on level 3 of the Dungeon.
             The game lasted 00:08:07 (4497 turns).

lorenzova the Magician (Deep Elf Conjurer)          Turns: 4497, Time: 00:08:08

Health: 0/32       AC:  2    Str:  4    XL:     6   Next: 66%
Magic:  15/18      EV: 12    Int: 27    God:
Gold:   97         SH:  0    Dex: 13    Spells: 16/19 levels left

rFire   + . .      SeeInvis .    j - +7 hammer of the Doomed Warrior {flame, rF+ Int+2}
rCold   . . .      Faith    .    (no shield)
rNeg    . . .      Spirit   .    a - +0 robe
rPois   .          Reflect  .    (no helmet)
rElec   .          Harm     .    (no cloak)
rCorr   .          Rampage  .    (no gloves)
Will    .....                    (no boots)
Stlth   ++........               (no amulet)
HPRegen 0.25/turn                (no ring)
MPRegen 0.16/turn                (no ring)

@: no status effects
A: no striking features
a: no special abilities


You were on level 3 of the Dungeon.
You visited 1 branch of the dungeon, and saw 3 of its levels.

You collected 97 gold pieces.

Inventory:

Hand Weapons
 j - the +7 hammer of the Doomed Warrior (weapon) {flame, rF+ Int+2}
   (You found it on level 3 of the Dungeon)

   It burns those it strikes, dealing additional fire damage.
   Int:       It affects your intelligence (+2).
   rF:        It protects you from fire.
Armour
 a - a +0 robe (worn)
Wands
 e - a wand of mindburst (2)
Potions
 b - a potion of magic
 c - a potion of ambrosia {unknown}
 d - a potion of heal wounds {unknown}
 f - a potion of mutation {unknown}
 g - 2 potions of curing
 h - a potion of degeneration {unknown}
 i - a potion of brilliance {unknown}


   Skills:
 - Level 2.4 Dodging
 - Level 2.4 Stealth
 + Level 7.1 Spellcasting
 + Level 7.0 Conjurations


You had 16 spell levels left.
You knew the following spells:

 Your Spells              Type           Power      Damage    Failure   Level
a - Magic Dart            Conj           100%       1d8       1%          1
b - Searing Ray           Conj           94%        2d7       1%          2

Your spell library contained the following spells:

 Spells                   Type           Power      Damage    Failure   Level
 Dazzling Flash           Conj/Hex       56%        N/A       4%          3
 Mephitic Cloud           Conj/Pois/Air  22%        N/A       7%          3
 Cigotuvi's Dreadful Rot  Necr/Pois/Air  18%        N/A       9%          2
 Poisonous Vapours        Pois/Air       18%        N/A       9%          2
 Fulminant Prism          Conj/Hex       14%        3d9       14%         4
 Iskenderun's Mystic Bla  Conj/Tloc      28%        2d7       14%         4
 Dispel Undead            Necr           9%         3d8       50%         4
 Death Channel            Necr           4%         N/A       100%        6


Dungeon Overview and Level Annotations

Branches:
Dungeon (3/15)

Altars:

Shops:
D:1 (   D:2 (

Annotations:
D:3 1 runed translucent door, Crazy Yiuf; Inkie2's ghost, novice MeCK


Message History

Found a stone staircase leading down.
h - a metallic yellow potion
Found two hammers.
Found five hammers.
Found two hammers.
Found six hammers.
Found two hammers and a crystal hammer.
Found a runed translucent door.
Found a hammer.
Found a hammer.
Found a hammer.
You see here a +0 hammer.
You see here the +7 hammer of the Doomed Warrior {flame, rF+ Int+2}.
j - the +7 hammer of the Doomed Warrior {flame, rF+ Int+2} You feel clever.
The +7 hammer of the Doomed Warrior {flame, rF+ Int+2} bursts into flame!
j - the +7 hammer of the Doomed Warrior (weapon)
{flame, rF+ Int+2} You see here a +0 hammer.
Crazy Yiuf shouts!
Found a hammer.
You open the door. You barely miss Crazy Yiuf.
Crazy Yiuf hits you with a +4 quarterstaff of chaos!
Casting: Magic Dart (safe; 1% risk of failure)
Confirm with . or Enter, or press ? or * to list all spells.
You don't know that spell.
Unknown command.
Casting: Magic Dart (safe; 1% risk of failure)
Confirm with . or Enter, or press ? or * to list all spells.
Aiming: Searing Ray (safe; 1% risk of failure)
Press: ? - help, Shift-Dir - straight line, f - Crazy Yiuf
Aim: Crazy Yiuf, wielding a +4 quarterstaff of chaos and wearing a +1 cloak of willpower (84% to hit)
The searing ray misses Crazy Yiuf. (Press . to maintain the ray.) Crazy Yiuf hits you with a +4 quarterstaff of chaos!
You easily resist.
The searing ray hits Crazy Yiuf.
Crazy Yiuf is lightly wounded.
Crazy Yiuf hits you with a +4 quarterstaff of chaos!
You die...

#...###>##.#.........#####
##.### #.##.####.##.......#
#..# #.#####...###......#
#.########## ##### #..>...#
##.##)....))##. #......#
#..##.)...)... ###......#
#.##.....)..#####
#........#
#...........#...#
#.........
#......))..@g...#
#.........
##.#....).).#..)#
#......)..
####).)..))#####.#.#......#
#)..)......)))#......###
####..).....###..#.#####
########## ##...# #..
#.###.#[###.# #.....#......
#.###.#.###..


You could see Crazy Yiuf.

Vanquished Creatures
  Grinder (D:3)
  Jessica (D:2)
  Ijyb (D:3)
  Natasha (thrice) (D:2)
  Robin (D:2)
  2 adders (D:2)
  A gnoll (D:1)
  3 worms (D:2)
  3 dart slugs
  4 endoplasms
  5 giant cockroaches
  16 goblins
  4 hobgoblins
  A quokka (D:2)
  7 ball pythons
  2 bats
  3 frilled lizards
  7 kobolds
  4 rats (D:1)
69 creatures vanquished.

Vanquished Creatures (others)
  2 plants (D:1)
2 creatures vanquished.

Grand Total: 71 creatures vanquished

Notes
Turn   | Place    | Note
-------+----------+-------------------------------------------
     0 | D:1      | lorenzova the Deep Elf Conjurer began the quest for the
                  | Orb.
     0 | D:1      | Reached XP level 1. HP: 10/10 MP: 6/6
   218 | D:1      | Reached XP level 2. HP: 15/15 MP: 5/8
   223 | D:1      | Learned a level 2 spell: Searing Ray
   325 | D:1      | Found Mebby's Weapon Shoppe.
   821 | D:2      | Found Kezeed's Weapon Shop.
   866 | D:2      | Reached skill level 5 in Conjurations
   866 | D:2      | Reached XP level 3. HP: 19/19 MP: 7/10
   954 | D:2      | Noticed Jessica
   954 | D:2      | Noticed Robin
  1136 | D:2      | Killed Robin
  1317 | D:2      | Reached XP level 4. HP: 24/24 MP: 8/12
  1336 | D:2      | Killed Jessica
  1337 | D:2      | Reached skill level 5 in Spellcasting
  1853 | D:2      | Noticed Natasha
  1855 | D:2      | Killed Natasha
  1856 | D:2      | Reached XP level 5. HP: 28/28 MP: 11/15
  2320 | D:2      | Noticed Natasha
  2326 | D:2      | Killed Natasha
  3347 | D:2      | Noticed Natasha
  3349 | D:2      | Killed Natasha
  3755 | D:3      | Noticed Ijyb
  3764 | D:3      | Killed Ijyb
  4027 | D:3      | Found a faded altar of an unknown god.
  4116 | D:3      | Found a runed translucent door.
  4117 | D:3      | Noticed Inkie2's ghost (novice MeCK)
  4154 | D:3      | Noticed Grinder
  4182 | D:3      | Paralysed by Grinder for 4 turns
  4186 | D:3      | Killed Grinder
  4187 | D:3      | Reached XP level 6. HP: 12/32 MP: 0/18
  4481 | D:3      | Found a runed translucent door.
  4484 | D:3      | Noticed Crazy Yiuf
  4488 | D:3      | Identified the +7 hammer of the Doomed Warrior {flame, rF+
                  | Int+2}
  4497 | D:3      | Slain by Crazy Yiuf

Illustrated notes

Levels and vault maps discovered:
D:1:      lightli_arrival_chessboard, layout_basic, serial_shops,
          nicolae_shop_waterfront, palyth_stone_intersect, nicolae_grassy_gnolls
D:2:      layout_basic, serial_shops, nicolae_shop_bloodbath_and_beyond,
          uniq_jessica, uniq_robin, uniq_natasha
D:3:      minmay_wonky_spiral, layout_basic,
          yredelemnul_forgotten_temple_becter, ebering_ghost_sewer_f,
          shapermc_ecumenical_altar_mp_highgroup, roderic_serpentine_path,
          uniq_ijyb, uniq_grinder, uniq_crazy_yiuf_cottage, uniq_terence

Skill      XL: |  1  2  3  4  5  6 |
---------------+-------------------+-----
Spellcasting   | 4 5 7 |  7.1
Conjurations   | 5 6 7 |  7.0
Dodging        | |  2.4
Stealth        | |  2.4

Action                   |  1- 3 |  4- 6 || total
-------------------------+-------+-------++-------
Melee: Unarmed           |     2 |       ||     2
       Mace              |       |     1 ||     1
 Cast: Magic Dart        |    59 |    57 ||   116
       Searing Ray       |     3 |    13 ||    16
  Use: Scroll            |       |     2 ||     2
Armor: Robe              |     1 |       ||     1
Dodge: Dodged            |     7 |     3 ||    10

Table legend: (Time is in decaauts)
 A = Elapsed time spent in this place.
 B = Non-inter-level travel time spent in this place.
 C = Inter-level travel time spent in this place.
 D = Time resting spent in this place.
 E = Time spent auto-exploring this place.
 F = Levels seen in this place.
 G = Mean time per level.
                   A        B        C        D        E       F      G
               +--------+--------+--------+--------+--------+-----+--------+
         Total |   4499 |   4464 |     35 |   2836 |   1220 |   3 | 1499.7 |
       Dungeon |   4499 |   4464 |     35 |   2836 |   1220 |   3 | 1499.7 |
               +--------+--------+--------+--------+--------+-----+--------+

Top non-repeatable levels by time:
     D:2: 2696 daAuts
     D:3: 982 daAuts
     D:1: 821 daAuts
